 Dungeon Crawl Stone Soup version 0.31-a0-1547-g618ab1f346 (webtiles) character file.

Game seed: 4678397957892750106

1789 graki42 the Conjurer (level 9, -2/60 (65) HPs)
             Began as a Gnoll Conjurer on Jan 2, 2024.
             Killed by divine providence
             ... invoked by Jeremiah
              (10 damage)
             ... on level 6 of the Dungeon.
             The game lasted 00:15:44 (6011 turns).

graki42 the Conjurer (Gnoll Conjurer)               Turns: 6011, Time: 00:15:45

HP:   -2/60 (65)    AC:  2    Str:  6    XL:     9   Next: 8%
MP:   1/18          EV: 14    Int: 22    God:
Gold: 290           SH:  0    Dex: 11    Spells: 10/21 levels left

rFire   . . .        s - +1 dagger (venom)
rCold   . . .        (no shield)
rNeg    . . .        a - +0 robe
rPois   .            (no helmet)
rElec   .            (no cloak)
rCorr   .            (no gloves)
SInv    .            (no boots)
Will    .....        (no amulet)
Stlth   +++          (no ring)
HPRegen 0.30/turn    (no ring)
MPRegen 0.16/turn

%: no passive effects
@: drained
A: fangs 1, strong nose, distributed training
a: no special abilities


You were on level 6 of the Dungeon.
You visited 1 branch of the dungeon, and saw 7 of its levels.

You collected 290 gold pieces.

Inventory:

Hand Weapons
 s - a +1 dagger of venom (weapon)
Missiles
 i - 2 throwing nets
Armour
 a - a +0 robe (worn)
Wands
 c - a wand of flame (18)
 u - a wand of roots (8)
 w - a wand of mindburst (9)
Scrolls
 d - a scroll of vulnerability {unknown}
 g - a scroll of amnesia {unknown}
 h - 3 scrolls of teleportation {unknown}
 j - a scroll of poison {unknown}
 m - 4 scrolls of fog {unknown}
 o - 3 scrolls of fear {unknown}
 p - 2 scrolls of torment {unknown}
 q - a scroll of silence {unknown}
 v - a scroll of revelation
Potions
 b - a potion of magic
 e - 5 potions of curing
 f - a potion of invisibility
 k - a potion of berserk rage {unknown}
 l - 2 potions of heal wounds
 n - 2 potions of resistance
 r - a potion of lignification
 t - a potion of ambrosia {unknown}
 x - a potion of cancellation {unknown}


   Skills:
 + Level 4.0 Fighting
 + Level 4.0 Short Blades
 + Level 4.0 Long Blades
 + Level 4.0 Axes
 + Level 4.0 Maces & Flails
 + Level 4.0 Polearms
 + Level 4.0 Staves
 + Level 4.0 Ranged Weapons
 + Level 4.0 Throwing
 + Level 4.0 Armour
 + Level 6.2 Dodging
 + Level 5.9 Stealth
 + Level 4.0 Shields
 + Level 4.0 Unarmed Combat
 + Level 6.5 Spellcasting
 + Level 7.9 Conjurations
 + Level 3.3 Hexes
 + Level 3.3 Summonings
 + Level 3.3 Necromancy
 + Level 3.3 Translocations
 + Level 3.3 Fire Magic
 + Level 3.3 Ice Magic
 + Level 3.3 Air Magic
 + Level 3.3 Earth Magic
 + Level 3.3 Alchemy
 + Level 4.4 Invocations
 + Level 4.0 Evocations
 + Level 3.6 Shapeshifting


You had 10 spell levels left.
You knew the following spells:

 Your Spells              Type           Power      Damage    Failure   Level
a - Magic Dart            Conj           100%       1d8       1%          1
b - Searing Ray           Conj           84%        2d7       1%          2
c - Fulminant Prism       Conj/Alch      15%        3d10      9%          4
d - Iskenderun's Mystic   Conj/Tloc      31%        2d8       9%          4

Your spell library contained the following spells:

 Spells                   Type           Power      Damage    Failure   Level
 Slow                     Hex            84%        N/A       2%          1
 Lesser Beckoning         Tloc           42%        N/A       3%          2
 Confusing Touch          Hex            21%        N/A       7%          3
 Fugue of the Fallen      Necr           21%        N/A       7%          3
 Gell's Gravitas          Tloc           21%        N/A       7%          3
 Ozocubu's Armour         Ice            21%        N/A       7%          3
 Sigil of Binding         Hex            21%        N/A       7%          3
 Teleport Other           Tloc           21%        N/A       7%          3
 Vampiric Draining        Necr           21%        2d7       7%          3
 Manifold Assault         Tloc           21%        N/A       22%         4


Dungeon Overview and Level Annotations

Branches:
Dungeon (7/15)
 Temple: D:4-7

Altars:
Kikubaaqudgha
Ru
Uskayaw

Annotations:
D:6 Jeremiah, Maggie
D:7 Duvessa, Pikel


Innate Abilities, Weirdness & Mutations

You have very sharp teeth.
Your uncanny sense of smell can sniff out nearby items.
Your experience applies equally to all skills.


Message History

Jeremiah is severely wounded. (Press . to maintain the ray.)
The butterfly disappears in a burst of colours!
Jeremiah hops!
The searing ray hits Jeremiah.
Jeremiah is severely wounded.
Jeremiah looks at their weapon with confusion.
The searing ray misses Jeremiah.
The searing ray misses the butterfly.
The searing ray misses the butterfly.
The searing ray hits Jeremiah!
Jeremiah is almost dead.
You finish channelling your searing ray.
Casting: Searing Ray (safe; 1% risk of failure)
Confirm with . or Enter, or press ? or * to list all spells.
Aiming: Searing Ray (safe; 1% risk of failure)
Press: ? - help, Shift-Dir - straight line, f/p - Jeremiah
Aim: Jeremiah, wielding a +4 trident of draining, wearing a +0 robe and wearing an orb of energy (almost dead, 77% to hit)
Okay, then.
Casting: Searing Ray (safe; 1% risk of failure)
Confirm with . or Enter, or press ? or * to list all spells.
Aiming: Searing Ray (safe; 1% risk of failure)
Press: ? - help, Shift-Dir - straight line, f/p - Jeremiah
Aim: Jeremiah, wielding a +4 trident of draining, wearing a +0 robe and wearing an orb of energy (almost dead, 77% to hit)
The searing ray hits the butterfly!
You kill the butterfly!
The butterfly disappears in a burst of colours!
The searing ray hits Jeremiah but does no damage.
Jeremiah is almost dead. (Press . to maintain the ray.) Jeremiah cries, "Fearful master, protect me!"
Something smites you!
Jeremiah cries, "Fearful master, protect me!"
Something smites you!
Jeremiah shouts, "O dreadful one, destroy my foe!"
Something smites you!
* * * LOW HITPOINT WARNING * * *
The butterfly disappears in a burst of colours!
Jeremiah shouts, "O dreadful one, destroy my foe!"
Something smites you!
You die...
Jeremiah wails, "I didn't mean to kill anyone!
I'm not a murderer!"

#...#.##.# ##....#b....##
#..bb....# #....#.....#
...b.F.b.####....#..b.##
....bbb..#.......#....#
#..#bb..b...!....#....#
+......b.......###....###
#..#.............#.......
. #####.........#....^..
#@#.##....#.......
#.#..######.......
#.##..## #.....##
#.###..# ####### ..#
##.## ##### ### #..#
#...### ##.###.....#
#.........# ######....#


You could see Jeremiah.

Vanquished Creatures
  Grinder (D:5)
  Prince Ribbit (D:6)
  Sigmund (D:4)
  2 water moccasins
  A black bear (D:4)
  3 ogres
  A phantom (D:5)
  3 scorpions
  2 howler monkeys (D:5)
  A bombardier beetle (D:5)
  A jelly (D:6)
  A hound (D:5)
  An orc wizard (D:5)
  An iguana (D:5)
  A gnoll (D:5)
  7 adders
  A shadow imp (D:5)
  2 ufetubi (D:3)
  3 dart slugs
  5 ribbon worms
  9 orcs
  8 endoplasms
  3 giant cockroaches
  9 goblins
  8 hobgoblins
  7 jackals
  5 quokkas
  10 ball pythons
  6 bats
  2 frilled lizards (D:1)
  11 kobolds
  5 rats
122 creatures vanquished.

Vanquished Creatures (others)
  5 fulminant prisms
5 creatures vanquished.

Grand Total: 127 creatures vanquished

Notes
Turn   | Place    | Note
-------+----------+-------------------------------------------
     0 | D:1      | graki42 the Gnoll Conjurer began the quest for the Orb.
     0 | D:1      | Reached XP level 1. HP: 13/13 MP: 6/6
   164 | D:1      | Reached XP level 2. HP: 20/20 MP: 1/7
   627 | D:1      | Reached skill level 5 in Spellcasting
   627 | D:1      | Reached XP level 3. HP: 25/25 MP: 5/9
   630 | D:1      | Learned a level 2 spell: Searing Ray
   872 | D:1      | Reached skill level 1 in Invocations
  1366 | D:2      | Reached skill level 1 in Fighting
  1366 | D:2      | Reached skill level 1 in Short Blades
  1366 | D:2      | Reached skill level 1 in Long Blades
  1366 | D:2      | Reached skill level 1 in Axes
  1366 | D:2      | Reached skill level 1 in Maces & Flails
  1366 | D:2      | Reached skill level 1 in Polearms
  1366 | D:2      | Reached skill level 1 in Staves
  1366 | D:2      | Reached skill level 1 in Ranged Weapons
  1366 | D:2      | Reached skill level 1 in Throwing
  1366 | D:2      | Reached skill level 1 in Armour
  1366 | D:2      | Reached skill level 1 in Shields
  1366 | D:2      | Reached skill level 1 in Unarmed Combat
  1366 | D:2      | Reached skill level 1 in Evocations
  1562 | D:2      | Reached skill level 1 in Shapeshifting
  1562 | D:2      | Reached XP level 4. HP: 26/32 MP: 8/11
  1567 | D:2      | Learned a level 4 spell: Fulminant Prism
  1572 | D:2      | Learned a level 4 spell: Iskenderun's Mystic Blast
  1732 | D:2      | Found an ancient bone altar of Kikubaaqudgha.
  2129 | D:2      | Identified the +2 dagger of Checks and Balances {venom,
                  | *Rage ^Drain Dex+8}
  2315 | D:3      | Reached skill level 1 in Hexes
  2315 | D:3      | Reached skill level 1 in Summonings
  2315 | D:3      | Reached skill level 1 in Necromancy
  2315 | D:3      | Reached skill level 1 in Translocations
  2315 | D:3      | Reached skill level 1 in Fire Magic
  2315 | D:3      | Reached skill level 1 in Ice Magic
  2315 | D:3      | Reached skill level 1 in Air Magic
  2315 | D:3      | Reached skill level 1 in Earth Magic
  2315 | D:3      | Reached skill level 1 in Alchemy
  2837 | D:3      | Noticed a scorpion
  2870 | D:3      | Reached XP level 5. HP: 37/37 MP: 5/12
  3122 | D:3      | Found a sacrificial altar of Ru.
  3289 | D:4      | Noticed a black bear
  3402 | D:4      | Noticed an ogre
  3410 | D:4      | Killed an ogre
  3411 | D:4      | Reached skill level 5 in Dodging
  3411 | D:4      | Reached XP level 6. HP: 44/44 MP: 3/14
  3436 | D:4      | Noticed Sigmund
  3491 | D:4      | Killed Sigmund
  3492 | D:4      | Reached XP level 7. HP: 44/50 MP: 8/15
  3751 | D:4      | Found a hide-covered altar of Uskayaw.
  4001 | D:5      | Entered Level 5 of the Dungeon
  4028 | D:5      | Reached skill level 5 in Stealth
  4349 | D:5      | Reached XP level 8. HP: 50/58 MP: 7/16
  4740 | D:5      | Noticed Grinder
  4752 | D:5      | Killed Grinder
  5603 | D:6      | Noticed Maggie
  5718 | D:6      | Noticed Jeremiah
  5737 | D:6      | Noticed Prince Ribbit
  5768 | D:7      | Noticed Duvessa
  5772 | D:7      | Noticed Pikel
  5927 | D:6      | Killed Prince Ribbit
  5928 | D:6      | Reached XP level 9. HP: 42/65 MP: 10/18
  6011 | D:6      | Killed from afar by Jeremiah

Illustrated notes

Levels and vault maps discovered:
D:1:      kilobyte_arrival_exit_the_forest, layout_loops_ring
D:2:      layout_loops_cross, basic_altar, chequers_serial_rivers_micro_b,
          serial_bayou_lagoon_a
D:3:      minmay_spotlight, layout_basic, nicolae_overflow_crystal_walls,
          grunt_ministairs_9
D:4:      layout_rooms, eat_drink_and_be_merry_uskayaw,
          kennysheep_generic_room_4, uniq_sigmund
D:5:      minmay_general_purpose_star, layout_basic, uniq_grinder
D:6:      layout_basic, kennysheep_mini_moat, uniq_prince_ribbit1,
          uniq_jeremiah, uniq_maggie
D:7:      layout_cave_pools, minmay_temple_entry_sparse_star, serial_shops,
          nicolae_shop_rolling_square, uniq_duvessa, uniq_pikel

Skill      XL: |  1  2  3  4  5  6  7  8 |
---------------+-------------------------+-----
Spellcasting   | 5 6 |  6.5
Invocations    | 1 2 3 4 |  4.4
Fighting       | 1 2 3 4 |  4.0
Short Blades   | 1 2 3 4 |  4.0
Long Blades    | 1 2 3 4 |  4.0
Axes           | 1 2 3 4 |  4.0
Maces & Flails | 1 2 3 4 |  4.0
Polearms       | 1 2 3 4 |  4.0
Staves         | 1 2 3 4 |  4.0
Ranged Weapons | 1 2 3 4 |  4.0
Throwing       | 1 2 3 4 |  4.0
Armour         | 1 2 3 4 |  4.0
Shields        | 1 2 3 4 |  4.0
Unarmed Combat | 1 2 3 4 |  4.0
Evocations     | 1 2 3 4 |  4.0
Shapeshifting  | 1 2 3 |  3.6
Hexes          | 1 2 3 |  3.3
Summonings     | 1 2 3 |  3.3
Necromancy     | 1 2 3 |  3.3
Translocations | 1 2 3 |  3.3
Fire Magic     | 1 2 3 |  3.3
Ice Magic      | 1 2 3 |  3.3
Air Magic      | 1 2 3 |  3.3
Earth Magic    | 1 2 3 |  3.3
Alchemy        | 1 2 3 |  3.3
Dodging        | 5 6 |  6.2
Stealth        | 5 |  5.9
Conjurations   | |  7.9

Action                     |  1- 3 |  4- 6 |  7- 9 || total
---------------------------+-------+-------+-------++-------
  Melee: Dagger            |    39 |    10 |    64 ||   113
         Unarmed           |     5 |       |       ||     5
         Bite              |     4 |     1 |     4 ||     9
         Punch             |       |       |     3 ||     3
   Cast: Magic Dart        |    55 |    72 |    14 ||   141
         Searing Ray       |       |    12 |    17 ||    29
         Iskenderun's Myst |       |       |     7 ||     7
         Fulminant Prism   |       |       |     5 ||     5
    Use: Scroll            |       |       |     6 ||     6
   Stab: Sleeping          |     7 |       |     6 ||    13
 Armour: Robe              |    23 |    16 |    40 ||    79
  Dodge: Dodged            |    39 |    21 |    31 ||    91

Table legend: (Time is in decaauts)
 A = Elapsed time spent in this place.
 B = Non-inter-level travel time spent in this place.
 C = Inter-level travel time spent in this place.
 D = Time resting spent in this place.
 E = Time spent auto-exploring this place.
 F = Levels seen in this place.
 G = Mean time per level.
                   A        B        C        D        E       F      G
               +--------+--------+--------+--------+--------+-----+--------+
         Total |   6020 |   5893 |    127 |    560 |   4541 |   7 |  860.0 |
       Dungeon |   6020 |   5893 |    127 |    560 |   4541 |   7 |  860.0 |
               +--------+--------+--------+--------+--------+-----+--------+

Top non-repeatable levels by time:
     D:5: 1539 daAuts
     D:1: 1329 daAuts
     D:3: 1176 daAuts
     D:2: 920 daAuts
     D:4: 595 daAuts
     D:6: 452 daAuts
     D:7: 6 daAuts
